Map: Discordance EC

Players

Guhlgrube - Winner!

  • Race: Zerg Zerg
  • League: Diamond
  • Spawn Location: 7:00

Sorandom

  • Race: Zerg Zerg
  • League: Diamond
  • Spawn Location: 1:00

VOD

Have the link to the VOD?

Description

Time

  • Played on: April 12, 2019, 6:35 p.m.
  • Length: 7:21
Show
View Real Time Build Order
Export as new Build Order

Guhlgrube Zerg - Winner!

Build Orders: Pool First 

Get SALT Encoding   

  12  0:21  Spawning Pool, Drone  
  12  0:26  Drone  
  13  0:31  Drone  
  14  0:41  Overlord  
  14  1:08  Zergling x6  
  17  1:19  Zergling x2  
  17  1:21  Hatchery  
  17  1:30  Zergling x2  
  18  1:41  Zergling x2  
  18  1:43  Queen  
  21  1:51  Overlord  
  21  2:03  Drone  
  22  2:15  Drone  
  23  2:25  Drone  
  23  2:26  Queen  
  23  2:49  Drone x3  
  23  2:50  Drone  
  26  2:55  Drone  
  27  3:02  Drone x2  
  27  3:03  Drone x2  
  31  3:07  Spine Crawler  
  31  3:08  Spine Crawler  
  29  3:22  Roach Warren  
  28  3:28  Evolution Chamber  
  28  3:30  Evolution Chamber  
  26  3:37  Drone  
  26  3:38  Drone  
  26  3:40  Drone x2  
  26  3:41  Drone x4  
  34  3:56  Drone x2  
  34  3:57  Overlord  
  36  4:03  Extractor  
  36  4:09  Drone  
  36  4:13  Extractor x2, Drone  
  36  4:14  Drone  
  36  4:15  Drone  
  36  4:16  Drone x4  
  41  4:32  Drone x3  
  44  4:46  Overlord x2  
  44  4:56  Overlord x4  
  44  4:59  Lair  
  44  5:07  Zerg Missile Weapons Level 1  
  44  5:12  Drone  
  44  5:13  Drone x2  
  47  5:16  Roach  
  47  5:17  Roach x2  
  53  5:32  Roach x5  
  62  6:05  Roach x4  
  62  6:06  Roach x6  
  82  6:12  Overlord  
  82  6:19  Overlord x2  
  82  6:31  Roach x4, Hatchery  
  89  6:40  Roach x2  
  89  6:45  Roach  
  89  6:46  Roach x3  
  101  6:50  Roach  
  103  6:56  Roach x2  
  103  6:57  Overlord  
  103  6:58  Drone  
  108  7:01  Overlord  
Show
View Real Time Build Order
Export as new Build Order

Sorandom Zerg 

Build Orders: Pool First 

Get SALT Encoding   

  12  0:02  Drone  
  13  0:12  Overlord  
  13  0:17  Drone  
  14  0:30  Drone x2  
  14  0:35  Drone  
  17  0:45  Drone  
  18  0:51  Spawning Pool  
  18  0:56  Drone  
  18  1:13  Hatchery  
  17  1:19  Drone x2  
  17  1:20  Extractor  
  18  1:28  Overlord  
  18  1:37  Queen  
  20  1:41  Drone  
  21  1:50  Spine Crawler  
  21  1:51  Zergling x2  
  21  1:57  Spine Crawler  
  20  2:02  Zergling x2  
  21  2:12  Zergling x2  
  22  2:19  Roach Warren  
  21  2:34  Zergling x4  
  21  2:35  Metabolic Boost  
  22  2:48  Zergling x4  
  24  2:52  Zergling x4  
  24  2:57  Zergling x2  
  27  3:14  Hatchery  
  27  3:19  Drone x2  
  28  3:20  Baneling Nest  
  27  3:28  Drone  
  28  3:38  Overlord  
  28  3:54  Drone  
  28  3:55  Drone x2  
  30  3:58  Drone  
  30  4:21  Roach x2  
  30  4:22  Hatchery  
  33  4:28  Queen  
  35  4:35  Drone  
  35  4:36  Drone  
  37  4:43  Drone x2  
  39  4:46  Drone  
  39  4:49  Drone  
  39  4:51  Drone  
  42  5:00  Lair  
  42  5:03  Drone  
  43  5:08  Drone  
  43  5:11  Overlord  
  44  5:17  Evolution Chamber  
  44  5:20  Evolution Chamber  
  42  5:24  Queen  
  44  5:28  Extractor  
  44  5:29  Drone  
  44  5:30  Drone  
  44  5:32  Drone  
  46  5:35  Drone  
  46  5:36  Drone  
  46  5:39  Drone  
  46  5:41  Drone  
  50  5:46  Drone x2  
  51  5:58  Drone x5  
  56  6:10  Overlord x2  
  56  6:34  Roach  
  56  6:35  Roach x7  
  72  7:00  Overlord x2  
  72  7:01  Overlord x5  
Tags
 
Matchup
ZvZ
Race
Zerg
Replay Pack
Pack
Spawn Locations
Cross Positions
Add a new tag
Caveats
  • Supply blocks, unpowered buildings, or Contaminate may cause inaccurate times.
  • Supply counts are checked every 10 seconds.